[Event "British Rapidplay Championship 2023"]
[Site "Mercure Bradford, Bankfield Hotel"]
[Date "2023.04.15"]
[Round "5.1"]
[White "Shaw, Peter"]
[Black "Ghasi, Ameet K"]
[Result "0-1"]
[TimeControl "15 minutes plus 10 seconds per move"]
[WhiteElo "2231"]
[BlackElo "2631"]

1. d4 Nf6 2. c4 g6 3. Nc3 Bg7 4. e4 d6 5. Nf3 O-O 6. Be2 e5 7. Be3 Bg4 8. d5 a5 9. Nd2 Bd7 10.
O-O Na6 11. a3 Ne8 12. Rb1 f5 13. f3 Bf6 14. b4 Bg5 15. Bf2 b6 16. bxa5 bxa5 17. Nb3 c5 18. dxc6 Bxc6 19. Nd5 fxe4 20.
fxe4 a4 21. Bb6 Rxf1+ 22. Bxf1 Qd7 23.
Na5 Kg7 24. Nxc6 Qxc6 25. Qg4 Bf6 26. Be3 Nc5 27. Rb6 Qc8 28. Qf3 Ra6 29. Rxa6 Qxa6 30. Qh3 Qc6 31. Bh6+ Kg8 32. Qf3 Kf7 33.
h4 Qb7 34. h5 Qb1 35. hxg6+ hxg6 36. Bg5 Nxe4 37. Bxf6 N4xf6 38. Nb4 Qe4 39. Qxe4 Nxe4 40. Bd3 Nc5 41. Bc2 Nf6 42. Na2 Nfd7 43.
Nc3 Nb6 0-1

[Event "British Rapidplay Championship 2023"]
[Site "Mercure Bradford, Bankfield Hotel"]
[Date "2023.04.15"]
[Round "5.2"]
[White "Gormally, Daniel W"]
[Black "Walton, Alan J"]
[Result "1-0"]
[TimeControl "15 minutes plus 10 seconds per move"]
[WhiteElo "2570"]
[BlackElo "2105"]

1. d4 d5 2. c4 c6 3. Nf3 Nf6 4.
Nc3 dxc4 5. e4 e6 6. Bxc4 Bb4 7.
Qe2 Nbd7 8. O-O O-O 9. e5 Nd5 10. Nxd5 cxd5 11. Bd3 f5 12. exf6 Nxf6 13. Bg5 Qe8 14. Ne5 Qh5 15. Qxh5 Nxh5 16. g3 Bd6 17. Rac1 Nf6 18.
Rfe1 Nd7 19. Rxc8 1-0

[Event "British Rapidplay Championship 2023"]
[Site "Mercure Bradford, Bankfield Hotel"]
[Date "2023.04.15"]
[Round "5.3"]
[White "Makkar, Rajat"]
[Black "Wells, Peter K"]
[Result "1-0"]
[TimeControl "15 minutes plus 10 seconds per move"]
[WhiteElo "2297"]
[BlackElo "2466"]

1. Nf3 c5 2. c4 Nc6 3. e3 Nf6 4. Nc3 g6 5. d4 cxd4 6. exd4 d5 7. cxd5 Nxd5 8. Bc4 Nxc3 9. Qb3 Nd5 10. Bxd5 e6 11. Bxc6+ bxc6 12. Bg5 f6 13. Bd2 Qd5 14.
O-O Bd6 15. Rfc1 Bd7 16. Qb7 O-O 17. Kh1 Rfd8 18. b4 g5 19. h3 a6 20. Rc5 Bxc5 21. bxc5 Be8 22. Qe7 Qf5 23. Re1 Rd7 24. Qxe6+ Qxe6 25. Rxe6 Rf7 26. d5 cxd5 27. Bc3 Bd7 28. Rd6 g4 29. hxg4 Bxg4 30.
Nd4 Rd7 31. Rxf6 Rf8 32. Rxf8+ Kxf8 33. f3 Bh5 34. c6 Rd8 35. Bb4+ Ke8 36. Nf5 Bg6 37. Ne7 1-0

[Event "British Rapidplay Championship 2023"]
[Site "Mercure Bradford, Bankfield Hotel"]
[Date "2023.04.15"]
[Round "5.4"]
[White "Lau, Luke"]
[Black "Ashton, Adam G"]
[Result "1/2-1/2"]
[TimeControl "15 minutes plus 10 seconds per move"]
[WhiteElo "1917"]
[BlackElo "2390"]

1. e4 e5 2. Nf3 Nc6 3. d4 exd4 4. Nxd4 Nf6 5. Nxc6 bxc6 6. Nd2 d5 7. exd5 cxd5 8. Bb5+ Bd7 9. Bxd7+ Qxd7 10. O-O Be7 11. Qf3 O-O 12.
b3 Rfe8 13. Bb2 Ng4 14. h3 Bf6 15. Bxf6 Nxf6 16. Rfd1 a5 17. Nf1 a4 18. Ne3 c6 19. c4 axb3 20. cxd5 cxd5 21. axb3 Rxa1 22.
Rxa1 d4 23. Rd1 Rd8 24. Nc4 h6 25. Qf4 Qd5 26. Rd3 Qe4 27. Qxe4 Nxe4 28. b4 Nc3 29. Kh2 Nb5 30. Na3 Nxa3 31.
Rxa3 d3 32. Ra1 d2 1/2-1/2

[Event "British Rapidplay Championship 2023"]
[Site "Mercure Bradford, Bankfield Hotel"]
[Date "2023.04.15"]
[Round "5.5"]
[White "Pitcher, John"]
[Black "McCarthy, Damian M"]
[Result "1-0"]
[TimeControl "15 minutes plus 10 seconds per move"]
[WhiteElo "2358"]
[BlackElo "1860"]

1. e4 c5 2. Nf3 e6 3. g3 Nc6 4. Bg2 d6 5. O-O Nge7 6. d4 cxd4 7. Nxd4 Nxd4 8. Qxd4 Nc6 9. Qd3 Be7 10.
c4 Qc7 11. b3 b6 12. Nc3 a6 13. Bb2 Bb7 14. Rac1 Ne5 15. Qe2 O-O 16. f4 Nd7 17. Kh1 Rac8 18. g4 Rfe8 19. g5 Bf8 20.
Qf2 Bc6 21. Qh4 g6 22. Rf3 Bg7 23. Rh3 Nf8 24. Rd3 Nd7 25. Rcd1 Nc5 26. Rh3 h5 27. gxh6 Bh8 28. h7+ Kf8 29.
Nd5 exd5 30. Bxh8 Nxe4 31. Bd4 1-0

[Event "British Rapidplay Championship 2023"]
[Site "Mercure Bradford, Bankfield Hotel"]
[Date "2023.04.15"]
[Round "5.6"]
[White "Kisteneva, Liza"]
[Black "Dong, Bao Nghia"]
[Result "1/2-1/2"]
[TimeControl "15 minutes plus 10 seconds per move"]
[WhiteElo "2040"]
[BlackElo "2331"]

1. c4 d6 2. Nc3 g6 3.
g3 Bg7 4. Bg2 e5 5. e3 Ne7 6.
Nge2 O-O 7. O-O c6 8. d4 Nd7 9. Ne4 d5 10. cxd5 cxd5 11. Nd6 exd4 12. Nxd4 Ne5 13. Nxc8 Rxc8 14.
b3 N7c6 15. Ba3 Re8 16. Nxc6 Nxc6 17. Rb1 d4 18. Bxc6 Rxc6 19. exd4 Bxd4 20. Bb2 Rd6 21. Bxd4 Rxd4 22. Qf3 Ree4 23. Rbd1 Qa5 24. Rxd4 Rxd4 25.
Qxb7 Kg7 26. Rc1 Rd2 27. Qc7 Rd1+ 28. Kg2 Qd5+ 29. Kh3 Rd2 30. Qc3+ Rd4 31. f3 f6 32. Qc7+ Kh6 33. Qc5 Qe6+ 34. g4 Qe3 35. Rc3 Qd2 36. Qf8+ Kg5 37. Rc5+ f5 38. Qe7+ Kf4 39. Qe5+ Kxf3 40. Qg3+ Ke2 41. Qg2+ Ke3 42.
Qxd2+ Rxd2 43. gxf5 gxf5 44. Rxf5 Rxa2 45. Rf7 h6 46. Kg4 Ra5 47. h4 h5+ 48. Kg3 Kd4 49. Rc7 Ra3 50. Kf4 a5 51.
Rc4+ Kd5 52. Ra4 Rxb3 53. Rxa5+ Ke6 54. Rxh5 Kf7 55. Rg5 Rb4+ 56. Kg3 1/2-1/2

[Event "British Rapidplay Championship 2023"]
[Site "Mercure Bradford, Bankfield Hotel"]
[Date "2023.04.15"]
[Round "5.7"]
[White "Mikalajunas, Kajus"]
[Black "Eckersley-Waites, Tom"]
[Result "0-1"]
[TimeControl "15 minutes plus 10 seconds per move"]
[WhiteElo "1778"]
[BlackElo "2304"]

1. e4 e5 2. Nc3 Nc6 3. g3 Bc5 4. Bg2 d6 5. Na4 h5 6. Nxc5 dxc5 7. Nf3 h4 8. Nxh4 Rxh4 9. gxh4 Qxh4 10.
d3 Bg4 11. Bf3 Bxf3 12. Qxf3 Nd4 13. Qd1 Qh3 14. Be3 Nf3+ 15. Ke2 c4 16. Qf1 Qh5 17. Kd1 O-O-O 18. Kc1 f5 19. Kb1 Nf6 20.
exf5 cxd3 21. cxd3 Qxf5 22. Kc2 e4 23. Rd1 exd3+ 24. Kb1 Qe4 25. Ka1 b6 26. Qg2 Nd5 27. h3 Nb4 28. Qg4+ Qxg4 29.
hxg4 Nc2+ 30. Kb1 Nxe3 31. fxe3 Ne5 32. Rhg1 Kd7 33. Rdf1 Ke6 34. Rf4 c5 35. Rd1 g5 36. Ra4 a5 37. Kc1 Rh8 38. a3 Kd5 39. b4 axb4 40.
axb4 c4 41. Ra7 Rh2 42. e4+ Kd4 43.
Ra3 c3 44. b5 Rb2 45. Ra4+ Kc5 46. Ra3 d2+ 0-1

[Event "British Rapidplay Championship 2023"]
[Site "Mercure Bradford, Bankfield Hotel"]
[Date "2023.04.15"]
[Round "5.8"]
[White "Ismail, Mohammed Aayan"]
[Black "Pink, Joshua"]
[Result "1-0"]
[TimeControl "15 minutes plus 10 seconds per move"]
[WhiteElo "2269"]
[BlackElo "1824"]

1. Nf3 c5 2. g3 g6 3. Bg2 Bg7 4. O-O Nf6 5. b3 O-O 6. Bb2 Nc6 7. c4 d6 8. d4 cxd4 9. Nxd4 Bd7 10. Nc3 Nxd4 11. Qxd4 Bc6 12.
Nd5 Ne8 13. Qd2 Rc8 14. Rad1 Bxb2 15. Qxb2 Ng7 16. Qd4 Ne6 17. Qxa7 Ra8 18. Qe3 Rxa2 19. Ra1 Rxa1 20. Rxa1 Qd7 21.
Ra7 Re8 22. Bh3 Qc8 23. Nb6 Qb8 24. Ra8 Qc7 25. Rxe8+ Bxe8 26. Nd5 Qc5 27. Nxe7+ Kf8 28. Nd5 Qxe3 29. fxe3 Nc5 30. b4 Ne4 31.
b5 f5 32. Bg2 Nd2 33. Nb6 Bf7 34.
Bxb7 Bxc4 35. Bc6 Ke7 36. Nc8+ Kd8 37. Nxd6 Kc7 38. Nxc4 Nxc4 39. Kf2 Kd6 40. e4 fxe4 41. Bxe4 Ke5 42. Bc6 h6 43. h4 g5 44. hxg5 hxg5 45. Kf3 Nb6 46. Kg4 Kf6 47.
e4 Nc4 48. Bd5 Ne5+ 49. Kh5 Nd7 50.
Bc6 Nb6 51. Kh6 Nc4 52. Bd5 Nb6 53. Ba2 Nd7 54. Bb3 Nb6 55. e5+ Kxe5 56. Kxg5 Nd7 57. g4 Nb6 58. Kh6 Nd7 59. g5 Kd4 60.
g6 Kc5 61. g7 Nf6 62. Kg6 1-0

[Event "British Rapidplay Championship 2023"]
[Site "Mercure Bradford, Bankfield Hotel"]
[Date "2023.04.15"]
[Round "5.9"]
[White "Fava, Lorenzo"]
[Black "Walker, David J"]
[Result "0-1"]
[TimeControl "15 minutes plus 10 seconds per move"]
[WhiteElo "1728"]
[BlackElo "2250"]

1. d4 Nf6 2. Bf4 d5 3. e3 c5 4. Nf3 Nc6 5. c3 e6 6. Nbd2 cxd4 7. exd4 Nh5 8. Be3 Bd6 9. Ne5 g6 10.
Ndf3 O-O 11. Bd3 f6 12. Nxc6 bxc6 13. g4 Nf4 14. Bxf4 Bxf4 15. Qc2 e5 16. Be2 Qe7 17. dxe5 fxe5 18.
Nd2 Qh4 19. O-O-O Bxg4 20. Bxg4 Qxg4 21. Kb1 Qf5 22. Nb3 Qxc2+ 23. Kxc2 Rf6 24. Nc5 e4 25. Nb3 Raf8 26. Na5 Bc7 27.
Nb3 Rxf2+ 28. Kb1 Rxh2 29. Nd4 Rxh1 30. Rxh1 Rf6 31. c4 Be5 32. Nc2 d4 33. Re1 Bg3 34. Rd1 c5 35. b4 e3 36. bxc5 e2 37. Rxd4 Rf1+ 0-1

[Event "British Rapidplay Championship 2023"]
[Site "Mercure Bradford, Bankfield Hotel"]
[Date "2023.04.15"]
[Round "5.10"]
[White "Ackley, Peter JE"]
[Black "Hryshchenko, Kamila"]
[Result "0-1"]
[TimeControl "15 minutes plus 10 seconds per move"]
[WhiteElo "2151"]
[BlackElo "2019"]

1. c4 d6 2. g3 e5 3. Nc3 f5 4.
d4 Nf6 5. Bg2 Nc6 6. dxe5 dxe5 7. Qxd8+ Nxd8 8. Bg5 c6 9. Bxf6 gxf6 10. e4 Ne6 11. Nge2 f4 12. a3 Bd7 13. O-O-O Bc5 14.
Rhf1 a5 15. Na4 Ba7 16. Bh3 Rd8 17. gxf4 exf4 18. Rd6 Ke7 19. Rfd1 Bxf2 20. Kc2 Be3 21. b3 Nd4+ 22. R6xd4 Bxh3 23.
Rxd8 Rxd8 24. Rxd8 Kxd8 25. Kd3 Bf1 26. Nac3 Ke7 27. b4 axb4 28. axb4 Ke6 29. b5 h6 30. bxc6 bxc6 31. Kc2 Ke5 32.
Kd3 h5 33. Kc2 h4 34. Kd3 Bg1 0-1

[Event "British Rapidplay Championship 2023"]
[Site "Mercure Bradford, Bankfield Hotel"]
[Date "2023.04.15"]
[Round "5.11"]
[White "Sivanandan, Bodhana"]
[Black "Watson, Phil R"]
[Result "1-0"]
[TimeControl "15 minutes plus 10 seconds per move"]
[WhiteElo "1561"]
[BlackElo "2144"]

1. e4 c6 2. Nc3 d5 3. Nf3 Bg4 4. h3 Bxf3 5. Qxf3 d4 6. Ne2 e5 7. Ng3 Nd7 8. Bc4 Ngf6 9. c3 b5 10.
Bb3 Nc5 11. O-O a5 12. cxd4 Nxb3 13.
Qxb3 Qxd4 14. d3 Rd8 15. Rd1 g6 16. Be3 Qd7 17. d4 Qc7 18. dxe5 Rxd1+ 19. Rxd1 Qxe5 20. Bd4 Qe7 21. Qc3 Bg7 22.
Qxc6+ Kf8 23. Bc5 1-0

[Event "British Rapidplay Championship 2023"]
[Site "Mercure Bradford, Bankfield Hotel"]
[Date "2023.04.15"]
[Round "5.12"]
[White "Cook, Phil"]
[Black "Hall, James"]
[Result "1-0"]
[TimeControl "15 minutes plus 10 seconds per move"]
[WhiteElo "2126"]
[BlackElo "1809"]

1. c4 e5 2. Nc3 Nf6 3. Nf3 e4 4. Ng5 b5 5. d3 exd3 6. cxb5 dxe2 7. Bxe2 Bb7 8. O-O Be7 9. Bf3 d5 10.
Re1 O-O 11. Nh3 c6 12. Be3 cxb5 13. Nxb5 Bb4 14. Bd2 Bxd2 15. Qxd2 Qd7 16. Nd4 Nc6 17. Nf4 Nxd4 18. Qxd4 a5 19. Rad1 Rfe8 20. h3 Rxe1+ 21. Rxe1 Rd8 22.
Nd3 Qb5 23. b3 Bc6 24. Re7 Bd7 25. Nf4 Qb4 26. Qxb4 axb4 27. Nxd5 Kf8 28. Re5 Nxd5 29. Bxd5 f6 30. Re3 Bb5 31. Be4 Rc8 32. Bxh7 Kf7 33.
Bf5 Rc5 34. Bd3 Bxd3 35. Rxd3 Rc1+ 36. Kh2 Rc2 37. Kg3 Rc3 38. Rf3 g5 39. h4 Rc2 40. hxg5 Rxa2 41. Rxf6+ Kg7 42. Rb6 Ra5 43. Rxb4 Rxg5+ 44. Rg4 1-0

[Event "British Rapidplay Championship 2023"]
[Site "Mercure Bradford, Bankfield Hotel"]
[Date "2023.04.15"]
[Round "5.13"]
[White "Vijayakumar, Rishi"]
[Black "Edwards-Wright, Miles D"]
[Result "0-1"]
[TimeControl "15 minutes plus 10 seconds per move"]
[WhiteElo "1770"]
[BlackElo "1937"]

1. d4 g6 2. Nf3 Bg7 3. g3 b6 4. Bg2 Bb7 5. O-O d6 6. c4 Nd7 7. Nc3 e5 8. Bg5 f6 9. Be3 Ne7 10.
dxe5 dxe5 11. Ng5 Bxg2 12. Ne6 Qc8 13. Kxg2 Kf7 14. Nxg7 Kxg7 15. Nd5 Qb7 16. f3 Nf5 17. Bf2 Rad8 18.
e4 Nd6 19. Qb3 c6 20. Qa3 cxd5 21. cxd5 Nb8 22. Rac1 Rd7 23. Qe3 Rc8 24. f4 exf4 25. Qxf4 Rxc1 26. Rxc1 Ne8 27. Bd4 Rf7 28.
b4 Nd7 29. Rc6 Qa6 30. Re6 Qe2+ 31. Kh3 Nc7 32. Rc6 Qh5+ 33. Kg2 Nxd5 34. Qd2 Ne7 35. Re6 Qg4 36. Rd6 Qxe4+ 37. Kh3 Ne5 38.
Qc3 Qg4+ 39. Kg2 Qe2+ 40. Kh3 Qf1+ 0-1

[Event "British Rapidplay Championship 2023"]
[Site "Mercure Bradford, Bankfield Hotel"]
[Date "2023.04.15"]
[Round "5.14"]
[White "Senior, Gary"]
[Black "Zhao, George"]
[Result "1-0"]
[TimeControl "15 minutes plus 10 seconds per move"]
[WhiteElo "1911"]
[BlackElo "1675"]

1. e4 e6 2. d4 d5 3. Nd2 c5 4.
Ngf3 Nc6 5. exd5 Qxd5 6. Bc4 Qd8 7. Nb3 cxd4 8. Nbxd4 Nxd4 9. Qxd4 Qxd4 10. Nxd4 a6 11. Be3 Bc5 12.
O-O-O Nf6 13. Kb1 O-O 14. Nf5 Bxe3 15. Nxe3 b5 16. Be2 Bb7 17. Rd4 e5 18. Rd3 Rab8 19. Rhd1 Ne4 20. Rf1 Rbd8 21.
Kc1 g6 22. g4 Nc5 23. Rdd1 Ne6 24. Rxd8 Rxd8 25. h4 Nf4 26. Bd1 Kf8 27. g5 Rd4 28. Ng4 Ng2 29. Nxe5 Nxh4 30. f4 Nf5 31. Ng4 Kg7 32. c3 Rd6 33.
Bc2 Ng3 34. Re1 Bf3 35. Nf6 Ne2+ 36. Rxe2 Rd8 37. Re8 Rxe8 38. Nxe8+ Kf8 39. Nf6 Ke7 40. Nxh7 Ke6 41. Kd2 Bd5 42. Bb3 Bxb3 43. axb3 Kf5 44. Ke3 a5 45. c4 bxc4 46.
bxc4 a4 47. Nf6 Ke6 1-0

[Event "British Rapidplay Championship 2023"]
[Site "Mercure Bradford, Bankfield Hotel"]
[Date "2023.04.15"]
[Round "5.16"]
[White "Surtees, Mike J"]
[Black "Deepak Ambattu, Rithvik"]
[Result "1-0"]
[TimeControl "15 minutes plus 10 seconds per move"]
[WhiteElo "2111"]
[BlackElo "1782"]

1. e4 c5 2. Nf3 g6 3. d4 cxd4 4. Nxd4 Nc6 5. Nc3 Bg7 6. Be3 Nf6 7. Be2 O-O 8. O-O d5 9. exd5 Nxd5 10.
Nxd5 Nxd4 11. Bxd4 Qxd5 12. Bxg7 Qxd1 13. Rfxd1 Kxg7 14. Bf3 Bf5 15. c3 Rab8 16. Rd2 b5 17. Rad1 Rfc8 18. Bd5 b4 19.
cxb4 Rxb4 20. b3 a5 21. f3 g5 22.
Bc4 h5 23. Rd5 Be6 24. Rxg5+ Kf6 25. Bxe6 Kxe6 26. Rxa5 Rc2 27. Kf1 h4 28. Re1+ Kf6 29. Re2 Rc1+ 30. Kf2 Rh1 31. h3 Ra1 32.
Rae5 e6 33. R5e4 Rxe4 34. fxe4 Ke5 35. Ke3 Kd6 36. Kf4 f6 37. Kg4 Ke5 38. Kxh4 Kf4 39. Kh5 f5 40. exf5 Kxf5 41. g4+ Kf6 42. g5+ Kf5 43. g6 Rh1 44.
h4 Kf6 45. Rf2+ Kg7 46. Rf7+ Kg8 47. Re7 Kf8 48. Rxe6 Kg7 49. Re7+ Kf6 50. Rf7+ Ke6 51. Rf4 Rg1 52. Rg4 1-0

[Event "British Rapidplay Championship 2023"]
[Site "Mercure Bradford, Bankfield Hotel"]
[Date "2023.04.15"]
[Round "5.17"]
[White "Nicholson, Jim WR"]
[Black "Arkell, Keith C"]
[Result "0-1"]
[TimeControl "15 minutes plus 10 seconds per move"]
[WhiteElo "1958"]
[BlackElo "2447"]

1. d4 Nf6 2. Nf3 e6 3. Bg5 c5 4. e3 cxd4 5. exd4 Be7 6. Nbd2 b6 7. Bd3 Ba6 8. Bxa6 Nxa6 9. c3 Nc7 10.
O-O O-O 11. Qe2 b5 12. Ne5 Qe8 13. f4 d6 14. Nef3 Nfd5 15. Bxe7 Qxe7 16. g3 Rab8 17. a3 Rfe8 18. Rae1 Qd7 19. Qf2 Nf6 20. h3 h6 21. Kh2 Ncd5 22. Ne4 Nxe4 23.
Rxe4 a5 24. Nd2 Qc6 25. Rfe1 Nf6 26.
R4e2 Qd5 27. Ne4 Nxe4 28. Rxe4 Rec8 29. g4 b4 30. axb4 axb4 31. R4e3 bxc3 32. bxc3 Rb3 33. Qg3 Qc4 34.
Rc1 Rb2+ 35. Kg1 Rcb8 36. g5 hxg5 37. fxg5 Rb1 38. Ree1 Rxc1 39. Rxc1 Qd5 40. g6 fxg6 41. Rf1 g5 42.
Qf2 e5 43. Qf5 Rb2 44. Qxg5 Qe4 45. dxe5 dxe5 46. Rd1 Rb1 47. Rxb1 Qxb1+ 48. Kg2 Qc2+ 49. Kg1 Qxc3 50. Qd8+ Kh7 51.
Qh4+ Kg6 52. Qg4+ Kf6 53. Qh4+ g5 54.
Qh6+ Kf5 55. Qf8+ Ke4 56. Qa8+ Kf4 57. Qf8+ Kg3 58. Qf2+ Kxh3 59. Qh2+ Kg4 60. Qe2+ Qf3 61. Qc4+ Kh3 62.
Qc2 Qg3+ 63. Kf1 Qf4+ 64. Kg1 Qe3+ 65. Kf1 Qf4+ 66. Kg1 Qd4+ 67. Kf1 g4 68. Qg2+ Kh4 69. Qh2+ Kg5 70. Qh7 Qd1+ 71.
Kf2 Qd2+ 72. Kf1 Qf4+ 73. Kg1 Qf5 74. Qg7+ Kf4 75. Qh6+ Kf3 76. Qh1+ Ke3 77. Qh6+ Qf4 78. Qb6+ Qd4 79.
Qh6+ Kf3+ 80. Kh2 Qf2+ 0-1

[Event "British Rapidplay Championship 2023"]
[Site "Mercure Bradford, Bankfield Hotel"]
[Date "2023.04.15"]
[Round "5.18"]
[White "Cheng, Louis"]
[Black "Mosnegutu, Klauss"]
[Result "1-0"]
[TimeControl "15 minutes plus 10 seconds per move"]
[WhiteElo "1617"]
[BlackElo "2229"]

1. e4 c5 2. Nf3 d6 3. d4 cxd4 4. Nxd4 Nf6 5. Nc3 a6 6. Bg5 e5 7. Nf5 Bxf5 8. Bxf6 Qxf6 9. Nd5 Qd8 10.
exf5 Nc6 11. c3 Be7 12. Bd3 O-O 13. O-O Rc8 14. Re1 Bf6 15. Re3 Re8 16. Be4 h6 17. Rg3 Bh4 18. Qg4 Bf6 19.
Qh5 Kf8 20. Rd1 Na7 21. Nxf6 Qxf6 22. Bxb7 Rb8 23. Bxa6 Rxb2 24. Bc4 e4 25. h3 Re7 26. Qg4 Nb5 27. Qf4 e3 1-0

[Event "British Rapidplay Championship 2023"]
[Site "Mercure Bradford, Bankfield Hotel"]
[Date "2023.04.15"]
[Round "5.20"]
[White "Cuaresma, Gerald"]
[Black "Raynes, Paul"]
[Result "1-0"]
[TimeControl "15 minutes plus 10 seconds per move"]
[WhiteElo "1741"]
[BlackElo "2077"]

1. d4 Nf6 2. Bg5 Ne4 3. h4 h6 4. Nd2 Nxd2 5. Bxd2 b6 6. e4 e6 7. Bd3 Ba6 8. Bxa6 Nxa6 9. Qe2 Qc8 10.
O-O-O Qb7 11. Nf3 d6 12. d5 O-O-O 13. Nd4 Re8 14. Qb5 Be7 15. Nc6 exd5 16. exd5 Bf6 17. Rhe1 Rxe1 18. Rxe1 Nc5 19.
Qc4 h5 20. Bc3 Bxc3 21. Qxc3 f6 22. Re7 Rg8 23. Qh3+ 1-0

[Event "British Rapidplay Championship 2023"]
[Site "Mercure Bradford, Bankfield Hotel"]
[Date "2023.04.15"]
[Round "5.21"]
[White "Gopakumar, Siddharth"]
[Black "Patrick, Chaski"]
[Result "0-1"]
[TimeControl "15 minutes plus 10 seconds per move"]
[WhiteElo "1735"]
[BlackElo "2032"]

1. e4 d6 2. d4 Nf6 3. Nc3 g6 4. f4 Bg7 5. Nf3 O-O 6. h3 c6 7. Be3 b5 8. Bd3 a6 9. Qd2 Nfd7 10. O-O c5 11. a4 b4 12.
Ne2 Qc7 13. c4 cxd4 14. Bxd4 e5 15. Be3 Nc5 16. Nc1 Bb7 17. fxe5 dxe5 18. Qxb4 Nxd3 19. Nxd3 Bxe4 20. Qc5 Qxc5 21.
Nxc5 Bxf3 22. Rxf3 Rd8 23. Bg5 Rc8 24. Be3 Nc6 25. Rd1 Nd4 26. Bxd4 exd4 27. Nd7 Rc6 28. a5 Re8 29. b3 Re2 30. Rdf1 f5 31. R3f2 d3 32.
Rxe2 dxe2 33. Re1 Bd4+ 34. Kh2 Re6 35. c5 Bc3 36. c6 Bxe1 37. Nb8 Bxa5 0-1

[Event "British Rapidplay Championship 2023"]
[Site "Mercure Bradford, Bankfield Hotel"]
[Date "2023.04.15"]
[Round "5.22"]
[White "Ciuravin, Andrei"]
[Black "Larchikov, Maksym"]
[Result "1/2-1/2"]
[TimeControl "15 minutes plus 10 seconds per move"]
[WhiteElo "2185"]
[BlackElo "1871"]

1. d4 d5 2. Nf3 Nf6 3. Bg5 e6 4. Nbd2 c5 5. e3 Nc6 6. c3 Be7 7. Bd3 h6 8. Bh4 O-O 9. O-O Qc7 10.
Rc1 b6 11. Bb1 Re8 12. Qc2 g6 13. Rfe1 Bb7 14. Rcd1 Ne4 15. Nxe4 dxe4 16. Bg3 Qc8 17. Nd2 f5 18. dxc5 bxc5 19.
Nc4 Ba6 20. Nd6 Bxd6 21. Rxd6 Rd8 22. Qa4 Rxd6 23. Bxd6 Qb7 24. Bxc5 Rd8 25. b4 Ne5 26. Bd4 Nc4 27. Qb3 Qd5 28.
Qa4 Qb7 29. Rd1 Nb2 30. Qa5 Rd5 31. Qa3 Nxd1 32. Qc1 e5 33. c4 Qc6 34. Qxd1 Qxc4 35. Bc2 exd4 36. Bb3 Qc6 37. h4 Kh7 38. a4 Rd7 39. b5 Bxb5 40.
axb5 Qxb5 41. exd4 a5 42. Ba4 Qd5 43.
Bxd7 Qxd7 44. d5 a4 45.
Qd4 a3 46. Qc4 Qa7 47. Qa2 Qc5 48. Qd2 Qc4 49. Qa5 a2 50. Kh2 Qxd5 51. Qxd5 a1=Q 52. Qf7+ Qg7 53. Qe6 Qc7+ 54. g3 Kg7 55.
h5 Qf7 56. Qe5+ Kh7 57. hxg6+ Kxg6 58. Kg2 h5 59. Kh3 Qd7 60. Kg2 Qc6 61. Kh2 Qf6 62. Qe8+ Qf7 63. Qe5 Kg5 64. Qf4+ Kg6 65.
Qe5 Qf6 66. Qe8+ Kh6 67. Qb8 h4 68. Qf4+ Qg5 69. Qd6+ Kh5 70. gxh4 Qxh4+ 71. Kg2 Kg4 72. Qg6+ Qg5 73. Qd6 Kh4+ 74.
Kh2 Kg4 75. Qg3+ Kh5 76. Qd6 Qh4+ 77. Kg2 Qg4+ 78. Kh2 Qf3 79. Kg1 Qh3 80. Qd7 Kg4 81. Qg7+ Kf4 82. Qc7+ Kf3 83. Qc3+ Kg4 84.
Qg7+ f4 1/2-1/2

[Event "British Rapidplay Championship 2023"]
[Site "Mercure Bradford, Bankfield Hotel"]
[Date "2023.04.15"]
[Round "5.23"]
[White "Holliday, John K"]
[Black "Hutchinson, Paul A"]
[Result "0-1"]
[TimeControl "15 minutes plus 10 seconds per move"]
[WhiteElo "1832"]
[BlackElo "2184"]

1. e4 d5 2. exd5 Qxd5 3. Nc3 Qa5 4. Nf3 Nf6 5. d3 c6 6. Bd2 Qc7 7. Ne4 Nbd7 8. Nxf6+ Nxf6 9. Be2 e5 10.
O-O Bd6 11. g3 h6 12. Re1 O-O 13. Bc3 Nd5 14. Qd2 Bf5 15. Nh4 Bh7 16. Bf3 f5 17. Bh5 Rf6 18. f4 Nxc3 19. fxe5 Bxe5 20. bxc3 f4 21. d4 Bd6 22. gxf4 Bxf4 23. Qe2 Qa5 24.
Qc4+ Kh8 25. Rab1 Qxh5 0-1

[ePGN "0.1;DGT LiveChess/2.2.5"]

[Event "British Rapidplay Championship 2023"]
[Site "Mercure Bradford, Bankfield Hotel"]
[Date "2023.04.15"]
[Round "6.1"]
[White "Ghasi, Ameet K"]
[Black "Gormally, Daniel W"]
[Result "1/2-1/2"]
[TimeControl "15 minutes plus 10 seconds per move"]
[WhiteElo "2631"]
[BlackElo "2570"]

1. Nf3 Nf6 2. g3 g6 3. Bg2 Bg7 4. O-O O-O 5. d3 d6 6. e4 e5 7. Nbd2 Nbd7 8. a4 a5 9. Nc4 b6 10. Re1 Nc5 11. b3 Ba6 12.
Ne3 c6 13. Bb2 Qc7 14. Qd2 Rfe8 15. Rad1 Rad8 16. Qc1 Ne6 17. Qa1 c5 18. Nxe5 dxe5 19. Bxe5 Qxe5 20. Qxe5 Nh5 21. Qd5 Rxd5 22.
Nxd5 Rb8 23. e5 Kf8 24. f4 Bh6 25.
c3 Kg7 26. Ne7 Re8 27. Nc6 Nexf4 28. gxf4 Nxf4 29. Be4 Rc8 30. Na7 Re8 31. Nc6 Rc8 32. Kf2 Bxd3 33. Bxd3 Rxc6 34. Bb5 Re6 35.
Rd7 Kf8 36. Bc4 Re7 37. Rd6 Kg7 38. Kf3 Nh3 39. Kg3 Nf4 40. Rxb6 Nh5+ 41. Kf3 Bd2 42. Rd1 Bxc3 43. e6 fxe6 44.
Rxe6 Rf7+ 45. Ke4 Nf6+ 46. Kd3 Bb4 47. Kc2 Ng4 48. Re2 Rf4 49. Rd7+ Kh6 50. Be6 Nf6 51. Rf7 Kg5 52. Rg2+ Kh4 53.
Bc4 g5 54. Re2 h5 55. Re6 Ng4 56. Re2 Nf6 57. Re6 Ng4 58. Re2 Nf6 59. Re6 Ng4 60. Re2 Kh3 1/2-1/2

[Event "British Rapidplay Championship 2023"]
[Site "Mercure Bradford, Bankfield Hotel"]
[Date "2023.04.15"]
[Round "6.2"]
[White "Ashton, Adam G"]
[Black "Makkar, Rajat"]
[Result "0-1"]
[TimeControl "15 minutes plus 10 seconds per move"]
[WhiteElo "2390"]
[BlackElo "2297"]

1. e4 e5 2. Nf3 Nc6 3. Bc4 Bc5 4. d3 Nf6 5. c3 d6 6. Bb3 a5 7. Nbd2 Be6 8. O-O O-O 9. Nc4 b5 10.
Ne3 a4 11. Bc2 Ba7 12. d4 exd4 13. Nxd4 Nxd4 14. cxd4 d5 15. e5 Ne4 16. f3 c5 17. fxe4 cxd4 18. Qf3 dxe3 19. Bxe3 d4 20.
Bf2 Qg5 21. Bd3 b4 22. Bg3 Qe3+ 23. Kh1 Rfc8 24. Bf4 Qxf3 25. gxf3 Bc4 26. Bxc4 Rxc4 27. b3 Rc2 28. bxa4 Bb6 29.
Rfc1 d3 30. Rxc2 dxc2 31. Rc1 Rc8 32.
Kg2 Bd4 33. Re1 Bxe5 34. Bc1 Kf8 35. f4 Bd4 36. Kf3 Rc3+ 37. Kg4 g6 38. e5 h5+ 39. Kg5 Kg7 40. Re4 f6+ 0-1

[Event "British Rapidplay Championship 2023"]
[Site "Mercure Bradford, Bankfield Hotel"]
[Date "2023.04.15"]
[Round "6.3"]
[White "Cook, Phil"]
[Black "Pitcher, John"]
[Result "1-0"]
[TimeControl "15 minutes plus 10 seconds per move"]
[WhiteElo "2126"]
[BlackElo "2358"]

1. c4 c6 2. Nf3 d5 3. b3 Nf6 4. Bb2 Bf5 5. g3 e6 6. Bg2 Be7 7. O-O h6 8. d3 O-O 9. Nbd2 a5 10.
a3 Na6 11. Rc1 Bh7 12. Rc2 Qb6 13. cxd5 exd5 14. Qa1 Rfd8 15. Bd4 Qc7 16. Be5 Qc8 17. Re1 Ne8 18. Bd4 Bf6 19. h3 Bxd4 20.
Qxd4 Nac7 21. Ne5 Nb5 22. Qb2 Qe6 23. e4 dxe4 24. Nxe4 Bxe4 25. Rxe4 Nf6 26. Nxc6 Nxe4 27. Nxd8 Rxd8 28.
Bxe4 f5 29. Bxb7 Nd4 30. Rc5 Qe1+ 31. Kg2 f4 32. Rd5 f3+ 33. Kh2 Ne2 34. Rxd8+ Kf7 35. Bd5+ Ke7 36. Qxg7+ Kxd8 37. Qf6+ Kc7 38. Qe7+ Kb6 39. Qd6+ Ka7 40.
Qc7+ 1-0

[Event "British Rapidplay Championship 2023"]
[Site "Mercure Bradford, Bankfield Hotel"]
[Date "2023.04.15"]
[Round "6.4"]
[White "Edwards-Wright, Miles D"]
[Black "Eckersley-Waites, Tom"]
[Result "1/2-1/2"]
[TimeControl "15 minutes plus 10 seconds per move"]
[WhiteElo "1937"]
[BlackElo "2304"]

1. g3 d5 2. Bg2 Nf6 3. d3 c5 4. b3 Nc6 5. Bb2 e5 6. e3 Be6 7. Nd2 a5 8. a4 Qc7 9. Ne2 c4 10.
bxc4 dxc4 11. d4 Bb4 12. c3 Bd6 13. Ne4 Nxe4 14. Bxe4 Bh3 15. Ng1 Bd7 16. Bg2 exd4 17. exd4 O-O 18.
Ne2 Rfe8 19. O-O Bf5 20. Re1 h5 21. Bc1 h4 22. Nf4 Rxe1+ 23. Qxe1 Qd7 24. Ra2 Ne7 25. Nd5 h3 26. Nxe7+ Bxe7 27.
Bh1 Bd3 28. Be3 Ra6 29. Rb2 Qxa4 30. Rxb7 Bf8 31. Bd5 Re6 32. Bxe6 fxe6 33. d5 exd5 34. Bd4 Be4 35. f3 Qc2 36. Bf2 Bc5 37. fxe4 Bxf2+ 38. Qxf2 Qc1+ 39. Qf1 Qe3+ 40.
Qf2 1/2-1/2